 Dungeon Crawl Stone Soup version 0.17-a0-1567-gdd419b1 (webtiles) character file.

4743 George the Carver (level 10, -6/67 HPs)
             Began as a Demonspawn Gladiator on July 22, 2015.
             Was a Priest of Okawaru.
             Mangled by ololoev's ghost (15 damage)
             ... on level 8 of the Dungeon.
             The game lasted 00:26:58 (8118 turns).

George the Carver (Demonspawn Gladiator)            Turns: 8118, Time: 00:26:58

Health: -6/67      AC: 13    Str: 18    XL:     10   Next: 22%
Magic:  16/17      EV: 15    Int:  9    God:    Okawaru [***...]
Gold:   463        SH:  0    Dex: 15    Spells: 0 memorised, 9 levels left

rFire  . . .     SeeInvis .     a - +1 long sword (slice)
rCold  . . .     Clarity  .     z - +0 ring mail (curse)
rNeg   . . .     SustAt   .     (no shield)
rPois  .         Gourm    .     c - +1 helmet
rElec  .         Spirit   .     (no cloak)
rCorr  .         Warding  .     (no gloves)
rMut   .         Stasis   .     (no boots)
MR     .....                    (no amulet)
Stlth  +++.......               (no ring)
                                (no ring)

@: heroism, not resistant to hostile enchantments, fairly stealthy
A: talons 2, iridescent scales 1, powered by death 2, spiny 2
a: Heroism, Renounce Religion


You were on level 8 of the Dungeon.
You worshipped Okawaru.
Okawaru was most pleased with you.
You were hungry.

You visited 2 branches of the dungeon, and saw 9 of its levels.

You collected 463 gold pieces.

Inventory:

Hand weapons
 a - a +1 long sword of slicing (weapon)
 T - a +2 antimagic scimitar
Missiles
 d - 5 throwing nets
 C - 19 tomahawks (quivered)
 I - 2 tomahawks of returning
Armour
 c - a +1 helmet (worn)
 z - a cursed +0 ring mail (worn)
 P - a +4 chain mail of magic resistance
 Z - a +0 plate armour
Magical devices
 w - a wand of frost (39)
 J - a wand of digging (6)
 Q - a wand of draining (8)
 U - a wand of random effects (6)
 Y - a wand of confusion (20)
Scrolls
 f - 2 scrolls of immolation
 l - a scroll of enchant weapon
 q - 2 scrolls of magic mapping
 G - 2 scrolls of enchant armour
 R - 2 scrolls of blinking
 V - 3 scrolls of teleportation
Potions
 i - a potion of heal wounds
 k - 2 potions of lignification
 r - 3 potions of curing
 A - a potion of haste
 B - 2 potions of magic
 E - a potion of agility
 K - 2 potions of berserk rage
 L - a potion of flight
 M - 2 potions of mutation {unknown}
 N - a potion of invisibility
 O - a potion of poison {unknown}
 W - 2 potions of ambrosia
 X - a potion of brilliance {unknown}
Comestibles
 e - 6 bread rations
 n - 3 beef jerkies
 p - 2 slices of pizza
 u - 3 meat rations
 S - 8 chunks of flesh


   Skills:
 - Level 2.0(7.0) Fighting
 + Level 10.5(15.5) Long Blades
 - Level 1.7(6.7) Throwing
 - Level 5.7(10.7) Armour
 - Level 2.6(7.6) Dodging
 - Level 2.0(7.0) Stealth
 + Level 9.7 Invocations


You had 9 spell levels left.
You didn't know any spells.

Dungeon Overview and Level Annotations

Branches:
Dungeon (8/15)             Temple (1/1) D:5            Lair (0/8) D:8

Altars:
Ashenzari
Cheibriados
Dithmenos
Elyvilon
Fedhas
Gozag
Kikubaaqudgha
Makhleb
Nemelex Xobeh
Okawaru
Qazlal
Ru
Sif Muna
Trog
Vehumet
Xom
Yredelemnul
Zin
The Shining One

Annotations:
D:8 ololoev's ghost, experienced OgHu


Innate Abilities, Weirdness & Mutations

You have razor-sharp toenails.
You are partially covered in iridescent scales (AC +4).
You regenerate health from kills.
You are mostly covered in sharp spines.


Message History

Ololoev's ghost is severely damaged.
Ololoev's ghost hits you.
Use which ability? (? or * to list)
You gain the combat prowess of a mighty hero.
You are feeling hungry.
Ololoev's ghost is struck by your spines.
Ololoev's ghost hits you!
* * * LOW HITPOINT WARNING * * *
You hit ololoev's ghost but do no damage.
Ololoev's ghost is severely damaged.
Ololoev's ghost hits you!
* * * LOW HITPOINT WARNING * * *
You miss ololoev's ghost. Your kick misses ololoev's ghost.
Ololoev's ghost is severely damaged.
Ololoev's ghost barely misses you.
You closely miss ololoev's ghost.
You claw ololoev's ghost, but do no damage.
Ololoev's ghost is severely damaged.
Ololoev's ghost hits you!
You die...

#.# ###.# #...#
#...#########
#...'...)..)#
#...#######)# #.<.+...#
#.# #...###.###.#
#......FW@..#
#....#.###### ###..#.#
#..#.######.#.#.#.
#....#.....###...##
####....#.######.....##
........#.....#.......#
#.####'#.>.#...#.......##
#...÷..÷.#))#.........###


You could see a giant frog and ololoev's ghost.

Vanquished Creatures
  An elephant (D:8)
  The ghost of volk64 the Covert, an experienced OpAs of Nemelex Xobeh (D:6)
  Grinder (D:5)
  The ghost of Xoff the Magician, an average DsWz (D:4)
  A yak (D:8)
  Eustachio (D:4)
  A wyvern (D:8)
  A hippogriff (D:8)
  A hungry ghost (D:8)
  Menkaure (D:4)
  Edmund (D:4)
  A black bear (D:7)
  2 ogres
  An orc warrior (D:7)
  6 centaurs
  4 phantoms
  Blork the orc (D:5)
  A giant frog (D:6)
  A water moccasin zombie (D:8)
  2 scorpions (D:5)
  5 wights (D:7)
  2 crimson imps
  3 orc priests
  A jelly (D:3)
  3 giant frog skeletons
  Ijyb (D:3)
  7 orc wizards
  3 iguanas
  7 worker ants
  2 sheep (D:8)
  A hound skeleton (D:7)
  7 gnolls
  Robin (D:3)
  6 adders
  3 shadow imps
  2 oozes (D:4)
  4 worms
  35 orcs
  2 bat skeletons
  4 giant cockroaches
  21 goblins
  11 hobgoblins
  9 jackals
  A ball python zombie (D:5)
  9 bats
  5 giant geckos
  A giant gecko skeleton (D:7)
  A giant gecko zombie (D:5)
  3 giant newts
  10 kobolds
  5 quokkas
  13 rats
218 creatures vanquished.

Notes
Turn   | Place    | Note
--------------------------------------------------------------
     0 | D:1      | George the Demonspawn Gladiator began the quest for the Orb.
     0 | D:1      | Reached XP level 1. HP: 16/16 MP: 1/1
    92 | D:1      | You fall through a shaft!
   615 | D:1      | Reached skill level 3 in Long Blades
   629 | D:1      | Gained mutation: You have sharp toenails. [demonic ancestry]
   629 | D:1      | Reached XP level 2. HP: 19/22 MP: 2/2
  1060 | D:1      | Reached XP level 3. HP: 27/27 MP: 3/3
  1132 | D:1      | Reached skill level 1 in Armour
  1728 | D:2      | Found a bloodstained altar of Trog.
  2093 | D:3      | Noticed Robin
  2115 | D:3      | Reached XP level 4. HP: 11/33 MP: 4/4
  2124 | D:3      | Reached skill level 4 in Long Blades
  2130 | D:3      | Killed Robin
  2612 | D:3      | Gained mutation: You regenerate a little health from kills. [demonic ancestry]
  2612 | D:3      | Reached XP level 5. HP: 29/38 MP: 5/5
  2648 | D:3      | Noticed Ijyb
  2769 | D:3      | Killed Ijyb
  3153 | D:3      | Found a basalt altar of Yredelemnul.
  3155 | D:3      | Noticed a profane servitor
  3171 | D:3      | Found a glowing golden altar of the Shining One.
  3173 | D:3      | Noticed an angel
  3295 | D:3      | Reached skill level 1 in Stealth
  3295 | D:3      | Gained mutation: You are partially covered in sharp spines. [demonic ancestry]
  3295 | D:3      | Reached XP level 6. HP: 40/44 MP: 6/6
  3355 | D:4      | Noticed Eustachio
  3387 | D:4      | Killed Eustachio
  3387 | D:4      | Reached skill level 5 in Long Blades
  3652 | D:4      | Noticed Xoff's ghost (average DsWz)
  3668 | D:4      | Noticed Edmund
  3681 | D:4      | Gained mutation: You have razor-sharp toenails. [demonic ancestry]
  3681 | D:4      | Reached XP level 7. HP: 46/50 MP: 7/7
  3724 | D:4      | Killed Edmund
  3724 | D:4      | Reached skill level 6 in Long Blades
  3790 | D:4      | Killed Xoff's ghost
  3790 | D:4      | Reached skill level 5 in Armour
  4024 | D:4      | Noticed Menkaure
  4034 | D:4      | Killed Menkaure
  4034 | D:4      | Gained mutation: You are mostly covered in sharp spines. [demonic ancestry]
  4034 | D:4      | Reached XP level 8. HP: 16/56 MP: 8/8
  4526 | D:5      | Entered Level 5 of the Dungeon
  4578 | D:5      | Reached skill level 7 in Long Blades
  4883 | D:5      | Found a staircase to the Ecumenical Temple.
  4893 | Temple   | Entered the Ecumenical Temple
  4958 | Temple   | Became a worshipper of Warmaster Okawaru
  5026 | D:5      | Reached skill level 1 in Invocations
  5253 | D:5      | Noticed Grinder
  5265 | D:5      | Killed Grinder
  5265 | D:5      | Acquired Okawaru's first power
  5265 | D:5      | Reached skill level 8 in Long Blades
  5281 | D:5      | Noticed Blork the orc
  5290 | D:5      | Killed Blork the orc
  5788 | D:6      | Found a deep blue altar of Sif Muna.
  5797 | D:6      | Found a snail-covered altar of Cheibriados.
  5866 | D:6      | Found a glowing silver altar of Zin.
  5867 | D:6      | Noticed an angel
  5868 | D:6      | Noticed volk64's ghost (experienced OpAs)
  5885 | D:6      | Killed volk64's ghost
  5885 | D:6      | Reached skill level 5 in Invocations
  5885 | D:6      | Gained mutation: You regenerate health from kills. [demonic ancestry]
  5885 | D:6      | Reached XP level 9. HP: 55/61 MP: 12/12
  5887 | D:6      | Found a shimmering altar of Xom.
  6010 | D:6      | Reached skill level 9 in Long Blades
  7723 | D:8      | Noticed an elephant
  7724 | D:8      | Found a staircase to the Lair.
  7735 | D:8      | Reached skill level 10 in Long Blades
  7760 | D:8      | Noticed ololoev's ghost (experienced OgHu)
  7769 | D:8      | Killed an elephant
  7769 | D:8      | Gained mutation: You are partially covered in iridescent scales (AC +4). [demonic ancestry]
  7769 | D:8      | Reached XP level 10. HP: 27/67 MP: 16/16
  8118 | D:8      | Mangled by ololoev's ghost

Vault maps used:
D:1:      dpeg_arrival_simpleton_b
D:2:      old_standard_altar, first_bread
D:3:      grunt_temple_overflow_holy_war, minivault_24, uniq_robin, uniq_iyjb
D:4:      uniq_menkaure, uniq_edmund, uniq_eustachio
D:5:      temple_fountains, minmay_misc_feat_iff, uniq_grinder,
          uniq_blork_the_orc
D:6:      grunt_temple_overflow_order_and_chaos_1, lemuel_doored_altar,
          nicolae_overflow_crystal_walls
D:8:      david_lair_generic
Temple:   nicolae_temple_x_marks_the_god

Action                   |  1- 3 |  4- 6 |  7- 9 | 10-12 || total
-------------------------+-------+-------+-------+-------++-------
Melee: Long sword        |   140 |   156 |   289 |    55 ||   640
Throw: Throwing net      |       |     1 |       |       ||     1
       Tomahawk          |       |     8 |    15 |       ||    23
Invok: Heroism           |       |       |       |     1 ||     1
Evoke: Wand              |       |       |     4 |       ||     4
  Use: Scroll            |       |    13 |     7 |     1 ||    21
       Potion            |       |     1 |     5 |       ||     6
 Stab: Paralysed         |       |       |     6 |       ||     6
       Distracted        |       |       |     1 |       ||     1
       Sleeping          |       |       |     1 |       ||     1
  Eat: Chunk             |     3 |     6 |    11 |     1 ||    21
       Royal jelly       |       |       |     1 |       ||     1
